 Dungeon Crawl Stone Soup version 0.28-a0-239-g68911e0c57 (webtiles) character file.

Game seed: 17115492707514967859

51 senseless the Skirmisher (level 3, 0/29 HPs)
             Began as a Demonspawn Monk on Aug 23, 2021.
             Was a Believer of Uskayaw.
             Slain by an adder (3 damage)
             ... on level 2 of the Dungeon.
             The game lasted 00:05:05 (1972 turns).

senseless the Skirmisher (Demonspawn Monk)          Turns: 1972, Time: 00:05:06

Health: 0/29       AC:  3    Str: 12    XL:     3   Next: 57%
Magic:  3/3        EV: 13    Int: 11    God:    Uskayaw [**....]
Gold:   85         SH:  4    Dex: 17    Spells: 2/2 levels left

rFire   . . .      SeeInvis .   a - +0 hand axe
rCold   . . .      Faith    .   (no shield)
rNeg    . . .      Spirit   .   b - +0 robe
rPois   .          Reflect  .   (no helmet)
rElec   .          Harm     .   h - scarf {repulsion}
rCorr   .          Rampage  .   d - +0 pair of gloves
Will    .....                   (no boots)
Stlth   +++.......              (no amulet)
HPRegen 0.09/turn               (no ring)
MPRegen 0.08/turn               (no ring)

@: repel missiles
A: thin skeletal structure 1, condensation shield
a: Renounce Religion, Stomp, Line Pass


You were on level 2 of the Dungeon.
You worshipped Uskayaw.
Uskayaw was noncommittal.
You visited 1 branch of the dungeon, and saw 3 of its levels.

You collected 85 gold pieces.

Inventory:

Hand Weapons
 a - a +0 hand axe (weapon)
Missiles
 c - 24 poisoned darts (quivered)
Armour
 b - a +0 robe (worn)
 d - a +0 pair of gloves (worn)
 h - a scarf of repulsion (worn)
Jewellery
 n - an amulet of magic regeneration
Wands
 i - a wand of paralysis (9)
 l - a wand of flame (19)
Scrolls
 e - a scroll of amnesia {unknown}
 g - a scroll of teleportation {unknown}
 j - a scroll of vulnerability {unknown}
 k - a scroll of noise {unknown}
Potions
 m - a potion of flight {unknown}


   Skills:
 + Level 3.4 Fighting
 + Level 3.3 Axes
 + Level 3.0 Dodging
 + Level 2.3 Stealth


You had 2 spell levels left.
You didn't know any spells.
Your spell library contained the following spells:

 Spells                   Type           Power      Damage    Failure   Level
 Animate Skeleton         Necr           0%         N/A       34%         1
 Apportation              Tloc           0%         N/A       34%         1
 Corona                   Hex            0%         N/A       34%         1
 Summon Small Mammal      Summ           0%         N/A       34%         1
 Alistair's Intoxication  Tmut/Pois      0%         N/A       100%        5
 Invisibility             Hex            0%         N/A       100%        6


Dungeon Overview and Level Annotations

Branches:
Dungeon (3/15)

Altars:
Uskayaw

Shops:
D:2 =


Innate Abilities, Weirdness & Mutations

You have a somewhat thin skeletal structure. (Dex +2, Stealth+)
A meltable shield of frost defends you. (SH +4)


Message History

You block the adder's attack.
There is a stone staircase leading up here.
The adder bites you.
* * * LOW HITPOINT WARNING * * *
You climb upwards.
There is a stone staircase leading down here.
You hit the adder.
The adder is moderately wounded.
The adder bites you but does no damage. x2
You hit the adder but do no damage.
The adder is moderately wounded.
The adder bites you.
* * * LOW HITPOINT WARNING * * *
You are lethally poisoned!
The adder poisons you!
It was a potion of curing.
You feel better. The adder barely misses you.
You closely miss the adder.
The adder is lightly wounded.
The adder bites you. x2
You are poisoned.
The adder poisons you!
You hit the adder.
The adder is moderately wounded.
You feel sick. The adder misses you.
You hit the adder.
The adder is heavily wounded.
You feel sick. The adder closely misses you. The adder barely misses you.
You hit the adder.
The adder is severely wounded.
You feel sick. The adder misses you. The adder barely misses you.
You can now pass through a line of other dancers.
You closely miss the adder.
The adder is severely wounded.
You feel sick. The adder closely misses you.
You barely miss the adder.
The adder is severely wounded.
You feel sick.
You are no longer poisoned.
The adder barely misses you. The adder bites you.
You die...

# #.# #.#...#..........# # #.#
#............###.# #†#
###...##.....# #.. #.#
##.........# ### #.# ######.....#
# #### ###.# #..........# # ...#
##.#.# #.##.......# #
##.####....#######.##.......#####
...........÷....@S...............
##.#.##...#####.............#####
#.#.###.## #..................
#.#)# ### #.............#####
#.#.# ##...#.#.##.### ##.#.#
##.##...##...# #....#
#.###.###.#.# .....#
#.###.###...# #....#
#.#.....##.##


You could see an adder.

Vanquished Creatures
  A worm (D:3)
  A dart slug (D:1)
  3 ball pythons
  8 bats (D:2)
  2 endoplasms
  2 giant cockroaches
  5 goblins
  5 hobgoblins
  3 jackals (D:2)
  2 kobolds
  A quokka (D:1)
  4 frilled lizards
  4 rats
41 creatures vanquished.

Notes
Turn   | Place    | Note
-------+----------+-------------------------------------------
     0 | D:1      | senseless the Demonspawn Monk began the quest for the Orb.
     0 | D:1      | Reached XP level 1. HP: 18/18 MP: 1/1
   411 | D:1      | Gained mutation: A meltable shield of frost defends you.
                  | (SH +4) [demonic ancestry]
   411 | D:1      | Reached XP level 2. HP: 18/24 MP: 2/2
   505 | D:1      | Found a faded altar of an unknown god.
   537 | D:1      | Became a worshipper of Uskayaw the Reveller
   537 | D:1      | Reached * piety under Uskayaw
   537 | D:1      | Reached ** piety under Uskayaw
  1142 | D:2      | Found Itzuihiopt's Jewellery Shoppe.
  1152 | D:2      | Gained mutation: You have a somewhat thin skeletal
                  | structure. (Dex +2, Stealth+) [demonic ancestry]
  1152 | D:2      | Reached XP level 3. HP: 29/29 MP: 3/3
  1972 | D:2      | Slain by an adder

Illustrated notes

Levels and vault maps discovered:
D:1:      elethiomel_arrival_quiet, layout_basic,
          shapermc_ecumenical_altar_totnotflames, kennysheep_small_spiral
D:2:      layout_loops_ring, serial_shops,
          nicolae_shop_temple_entry_statues_fountains
D:3:      layout_rooms, serial_shops, shop

Skill      XL: |  1  2  3 |
---------------+----------+-----
Axes           | 3 |  3.3
Stealth        | 2 |  2.3
Dodging        | 3 |  3.0
Fighting       | |  3.4

Action                   || total
-------------------------++-------
Melee: Hand axe          ||   160
  Use: Potion            ||     1
 Stab: Sleeping          ||     9
Armor: Robe              ||    43
Dodge: Dodged            ||   106
Block: Other             ||    32

Table legend: (Time is in decaauts)
 A = Elapsed time spent in this place.
 B = Non-inter-level travel time spent in this place.
 C = Inter-level travel time spent in this place.
 D = Time resting spent in this place.
 E = Time spent auto-exploring this place.
 F = Levels seen in this place.
 G = Mean time per level.
                   A        B        C        D        E       F      G
               +--------+--------+--------+--------+--------+-----+--------+
         Total |   1998 |   1915 |     83 |      0 |   1496 |   3 |  666.0 |
       Dungeon |   1998 |   1915 |     83 |      0 |   1496 |   3 |  666.0 |
               +--------+--------+--------+--------+--------+-----+--------+

Top non-repeatable levels by time:
     D:1: 965 daAuts
     D:2: 886 daAuts
     D:3: 145 daAuts
